 Seeded DCSS version 0.27-a0-249-g74f53ef629 (webtiles) character file.

Game seed: 20210203 (custom seed)

110 muata the Insei (level 4, -5/34 HPs)
             Began as a Gnoll Transmuter on Feb 3, 2021.
             Slain by an iguana (15 damage)
             ... on level 5 of the Dungeon.
             The game lasted 00:12:01 (3966 turns).

muata the Insei (Gnoll Transmuter)                  Turns: 3966, Time: 00:12:01

Health: -5/34      AC:  3    Str: 10    XL:     4   Next: 91%
Magic:  9/11       EV: 14    Int: 13    God:
Gold:   253        SH:  0    Dex: 12    Spells: 10/13 levels left

rFire    . . .     SeeInvis .   v - +1 whip (vamp)
rCold    . . .     Faith    .   (no shield)
rNeg     . . .     Spirit   .   a - +0 robe
rPois    .         Reflect  .   (no helmet)
rElec    .         Harm     .   t - +0 cloak
rCorr    .         Rampage  .   (no gloves)
Will     .....                  (no boots)
Stlth    ++........             (no amulet)
HPRegen  0.11/turn              (no ring)
MPRegen  0.12/turn              (no ring)

@: wereblooded
A: distributed training, fangs 1, strong nose
a: no special abilities


You were on level 5 of the Dungeon.
You visited 1 branch of the dungeon, and saw 4 of its levels.

You collected 253 gold pieces.

Inventory:

Hand Weapons
 v - a +1 vampiric whip (weapon)
Missiles
 g - 3 curare-tipped darts
 o - 6 poisoned darts
 p - 77 stones (quivered)
Armour
 a - a +0 robe (worn)
 t - a +0 cloak (worn)
Jewellery
 m - a +6 ring of strength {unknown}
Scrolls
 b - a scroll of enchant armour {unknown}
 c - a scroll of enchant weapon {unknown}
 d - 6 scrolls of identify {unknown}
 e - 2 scrolls of noise {unknown}
 f - 2 scrolls of remove curse {unknown}
 h - 2 scrolls of magic mapping {unknown}
 j - 3 scrolls of amnesia {unknown}
 l - a scroll of fog {unknown}
 r - a scroll of random uselessness {unknown}
 s - a scroll of immolation {unknown}
 u - 2 scrolls of teleportation {unknown}
Potions
 i - 2 potions of haste {unknown}
 k - a potion of resistance {unknown}
 n - a potion of lignification {unknown}
 q - a potion of brilliance {unknown}


   Skills:
 + Level 2.8 Fighting
 + Level 1.2 Short Blades
 + Level 1.2 Long Blades
 + Level 1.2 Axes
 + Level 1.2 Maces & Flails
 + Level 1.2 Polearms
 + Level 1.2 Staves
 + Level 1.2 Slings
 + Level 1.2 Bows
 + Level 1.2 Crossbows
 + Level 1.2 Throwing
 + Level 1.2 Armour
 + Level 4.7 Dodging
 + Level 1.2 Stealth
 + Level 1.2 Shields
 + Level 6.6 Unarmed Combat
 + Level 5.1 Spellcasting
 + Level 1.0 Conjurations
 + Level 1.0 Hexes
 + Level 1.0 Summonings
 + Level 1.0 Necromancy
 + Level 1.0 Translocations
 + Level 3.9 Transmutations
 + Level 1.0 Fire Magic
 + Level 1.0 Ice Magic
 + Level 1.0 Air Magic
 + Level 1.0 Earth Magic
 + Level 1.0 Poison Magic
 + Level 1.4 Invocations
 + Level 1.2 Evocations


You had 10 spell levels left.
You knew the following spells:

 Your Spells              Type           Power        Failure   Level
a - Beastly Appendage     Tmut           26%          3%          1
b - Wereblood             Tmut           13%          5%          2

Your spell library contained the following spells:

 Spells                   Type           Power        Failure   Level
 Spider Form              Tmut/Pois      4%           21%         3
 Ice Form                 Ice/Tmut       9%           54%         4
 Blade Hands              Tmut           6%           71%         5


Dungeon Overview and Level Annotations

Branches:
Dungeon (3/15)

Altars:


Innate Abilities, Weirdness & Mutations

Your experience applies equally to all skills.
You have very sharp teeth.
Your uncanny sense of smell can sniff out nearby items.


Message History

A white imp comes into view.
The white imp shouts, "Begone, thou impertinent flap-mouthed flim-flammer!"
You closely miss the iguana. The iguana bites you.
You completely miss the iguana. You bite the iguana, but do no damage.
The iguana bites you!
Sorry, you're not good enough to have a special ability.
There is an open door here.
Casting: Wereblood (safe; 5% risk of failure)
Confirm with . or Enter, or press ? or * to list all spells.
Your blood is freshly infused with primal strength!
The iguana closely misses you.
You hit the iguana.
The iguana is lightly wounded.
The iguana bites you!
* * * LOW HITPOINT WARNING * * *
You hit the iguana.
You feel better.
The iguana is moderately wounded.
The white imp shouts, "Scamper home, thou currish fen-sucked pot-faker!"
The iguana bites you!
You die...

#####..#####....#
.......# #............
.......# #####.........
.......# #.........
.......#.... #.........
.......#...# .........
.......#...# .........
.......#...##+###.....#
.......#........@.....#
.......#........#l5...#
.......#........#.....#
.......'........#>....#
.......######.###.....#
.......#..###.# ...####
.......#......# ...#
.......+......# ...#
.......#......#....#


You could see an iguana and a white imp.

Vanquished Creatures
  A worker ant (D:5)
  4 adders
  2 dart slugs (D:1)
  3 leopard geckos
  4 orcs (D:3)
  5 bats
  3 giant cockroaches
  A goblin (D:1)
  6 hobgoblins
  3 kobolds (D:3)
  A quokka (D:2)
  2 frilled lizards
  6 rats
41 creatures vanquished.

Notes
Turn   | Place    | Note
-------+----------+-------------------------------------------
     0 | D:1      | muata the Gnoll Transmuter began the quest for the Orb.
     0 | D:1      | Reached XP level 1. HP: 17/17 MP: 6/6
    16 | D:1      | Upgraded the game from 0.27-a0-242-ge0fc76b88b to
                  | 0.27-a0-249-g74f53ef629
   208 | D:1      | Reached XP level 2. HP: 18/23 MP: 7/7
  1050 | D:1      | Reached XP level 3. HP: 25/28 MP: 9/9
  1190 | D:2      | Reached skill level 5 in Spellcasting
  1392 | D:2      | Reached skill level 1 in Invocations
  1807 | D:2      | Reached skill level 1 in Short Blades
  1807 | D:2      | Reached skill level 1 in Long Blades
  1807 | D:2      | Reached skill level 1 in Axes
  1807 | D:2      | Reached skill level 1 in Maces & Flails
  1807 | D:2      | Reached skill level 1 in Polearms
  1807 | D:2      | Reached skill level 1 in Staves
  1807 | D:2      | Reached skill level 1 in Slings
  1807 | D:2      | Reached skill level 1 in Bows
  1807 | D:2      | Reached skill level 1 in Crossbows
  1807 | D:2      | Reached skill level 1 in Throwing
  1807 | D:2      | Reached skill level 1 in Armour
  1807 | D:2      | Reached skill level 1 in Stealth
  1807 | D:2      | Reached skill level 1 in Shields
  1807 | D:2      | Reached skill level 1 in Evocations
  1807 | D:2      | Reached XP level 4. HP: 21/34 MP: 9/11
  3493 | D:3      | Learned a level 2 spell: Wereblood
  3685 | D:3      | You fall into a shaft and drop 2 floors!
  3685 | D:5      | Entered Level 5 of the Dungeon
  3737 | D:5      | Reached skill level 1 in Conjurations
  3737 | D:5      | Reached skill level 1 in Hexes
  3737 | D:5      | Reached skill level 1 in Summonings
  3737 | D:5      | Reached skill level 1 in Necromancy
  3737 | D:5      | Reached skill level 1 in Translocations
  3737 | D:5      | Reached skill level 1 in Fire Magic
  3737 | D:5      | Reached skill level 1 in Ice Magic
  3737 | D:5      | Reached skill level 1 in Air Magic
  3737 | D:5      | Reached skill level 1 in Earth Magic
  3737 | D:5      | Reached skill level 1 in Poison Magic
  3966 | D:5      | Slain by an iguana

Illustrated notes

Levels and vault maps discovered:
D:1:      lightli_arrival_boilingwater, layout_rooms, corexii_hall_statues_l
D:2:      layout_basic
D:3:      layout_basic
D:5:      layout_gridville, serial_shops, nicolae_shop_waterfront,
          chequers_decorated_corner, uniq_ijyb

Skill      XL: |  1  2  3  4 |
---------------+-------------+-----
Spellcasting   | 5 |  5.1
Invocations    | 1 |  1.4
Short Blades   | 1 |  1.2
Long Blades    | 1 |  1.2
Axes           | 1 |  1.2
Maces & Flails | 1 |  1.2
Polearms       | 1 |  1.2
Staves         | 1 |  1.2
Slings         | 1 |  1.2
Bows           | 1 |  1.2
Crossbows      | 1 |  1.2
Throwing       | 1 |  1.2
Armour         | 1 |  1.2
Stealth        | 1 |  1.2
Shields        | 1 |  1.2
Evocations     | 1 |  1.2
Conjurations   | 1 |  1.0
Hexes          | 1 |  1.0
Summonings     | 1 |  1.0
Necromancy     | 1 |  1.0
Translocations | 1 |  1.0
Fire Magic     | 1 |  1.0
Ice Magic      | 1 |  1.0
Air Magic      | 1 |  1.0
Earth Magic    | 1 |  1.0
Poison Magic   | 1 |  1.0
Fighting       | |  2.8
Dodging        | |  4.7
Unarmed Combat | |  6.6
Transmutations | |  3.9

Action                   |  1- 3 |  4- 6 || total
-------------------------+-------+-------++-------
Melee: Unarmed           |    98 |    51 ||   149
       Headbutt          |     3 |     2 ||     5
       Bite              |     3 |     5 ||     8
       Kick              |     3 |     2 ||     5
       Punch             |     1 |     1 ||     2
       Whip              |       |     4 ||     4
Throw: Stone             |       |     7 ||     7
       Dart              |       |     2 ||     2
 Cast: Beastly Appendage |     5 |     4 ||     9
       Wereblood         |       |     2 ||     2
 Stab: Sleeping          |     2 |       ||     2
Armor: Robe              |    22 |     3 ||    25
Dodge: Dodged            |    82 |    23 ||   105

Table legend: (Time is in decaauts)
 A = Elapsed time spent in this place.
 B = Non-inter-level travel time spent in this place.
 C = Inter-level travel time spent in this place.
 D = Time resting spent in this place.
 E = Time spent auto-exploring this place.
 F = Levels seen in this place.
 G = Mean time per level.
                   A        B        C        D        E       F      G
               +--------+--------+--------+--------+--------+-----+--------+
         Total |   3951 |   3722 |    229 |   1309 |   1801 |   4 |  987.8 |
       Dungeon |   3951 |   3722 |    229 |   1309 |   1801 |   4 |  987.8 |
               +--------+--------+--------+--------+--------+-----+--------+

Top non-repeatable levels by time:
     D:2: 1568 daAuts
     D:1: 1268 daAuts
     D:3: 834 daAuts
     D:5: 279 daAuts
